Map: Catalyst LE

Players

Solar - Winner!

  • Race: Zerg Zerg
  • Spawn Location: 11:00

YoGo

  • Race: Zerg Zerg
  • League: Grandmaster
  • Spawn Location: 5:00

Event: HomeStory Cup XVII

VOD

Have the link to the VOD?

Description

Time

  • Played on: June 28, 2018, 6:05 p.m.
  • Length: 6:08

All games in this series

Show
View Real Time Build Order
Export as new Build Order

Solar Zerg - Winner!

Build Orders: 1 Base Baneling Bust, Pool Only, Zergling Baneling 

Get SALT Encoding   

  12  0:17  Spawning Pool  
  11  0:22  Drone  
  11  0:27  Drone  
  13  0:30  Drone  
  13  0:34  Extractor  
  13  0:44  Overlord  
  13  1:04  Zergling x4  
  14  1:06  Zergling x2  
  16  1:11  Queen  
  16  1:16  Zergling x2  
  19  1:27  Zergling x2  
  20  1:33  Metabolic Boost  
  20  1:37  Zergling x2  
  21  1:49  Zergling x2  
  21  1:53  Baneling Nest  
  21  2:02  Overlord  
  21  2:10  Zergling x2  
  22  2:22  Zergling x2  
  23  2:23  Zergling x2  
  23  2:25  Zergling x2  
  23  2:28  Zergling x2  
  26  2:40  Baneling x2  
  26  2:43  Baneling  
  26  2:44  Zergling x2  
  27  2:52  Zergling x2  
  27  2:56  Overlord  
  27  3:02  Zergling x2  
  25  3:09  Baneling x2  
  25  3:12  Zergling x2  
  25  3:17  Zergling x2  
  24  3:22  Zergling x2  
  25  3:33  Zergling x2  
  24  3:39  Zergling x2  
  25  3:41  Baneling, Zergling x2  
  25  3:45  Zergling x2  
  23  3:50  Zergling x2  
  23  3:57  Zergling x2  
  22  4:03  Zergling x2  
  22  4:09  Zergling x2  
  23  4:14  Zergling x2  
  23  4:16  Baneling  
  24  4:17  Baneling  
  24  4:21  Zergling x2  
  24  4:26  Zergling x2  
  24  4:32  Zergling x2  
  24  4:36  Drone  
  26  4:41  Baneling x2  
  27  4:45  Drone  
  27  4:50  Drone  
  27  4:57  Drone  
  28  5:01  Zergling x2  
  25  5:07  Zergling x2  
  25  5:14  Baneling, Zergling x4  
  25  5:16  Zergling x2  
  27  5:22  Zergling x2  
  28  5:32  Zergling x2  
  28  5:39  Zergling x2  
  28  5:41  Baneling, Zergling x6  
Show
View Real Time Build Order
Export as new Build Order

YoGo Zerg 

Build Orders: Hatch First 

Get SALT Encoding   

  12  0:00  Drone  
  13  0:15  Overlord  
  13  0:19  Drone  
  14  0:33  Drone x2  
  16  0:50  Hatchery  
  16  0:52  Drone  
  16  0:56  Drone  
  17  1:05  Extractor  
  16  1:12  Spawning Pool  
  16  1:15  Drone  
  16  1:18  Drone  
  16  1:22  Drone  
  18  1:31  Drone  
  19  1:59  Spine Crawler  
  19  2:00  Queen, Zergling x4  
  19  2:01  Queen  
  22  2:04  Zergling x2  
  24  2:24  Zergling x2  
  24  2:32  Zergling x4  
  25  2:42  Zergling x2  
  26  2:52  Queen  
  26  3:10  Zergling x2  
  27  3:15  Zergling x6  
  26  3:22  Spine Crawler, Zergling x4  
  20  3:34  Zergling x4  
  20  3:38  Zergling x2  
  19  4:06  Spine Crawler  
  17  4:10  Drone  
  17  4:14  Drone  
  19  4:20  Drone  
  20  4:41  Zergling x2  
  20  4:45  Zergling x2  
  21  4:54  Zergling x4  
  23  5:07  Zergling x4  
  19  5:11  Queen  
  19  5:14  Zergling x2  
  20  5:28  Zergling x2  
  20  5:33  Zergling x2  
  17  5:39  Zergling x2  
Tags
 
Add a new tag
Caveats
  • Supply blocks, unpowered buildings, or Contaminate may cause inaccurate times.
  • Supply counts are checked every 10 seconds.